 Dungeon Crawl Stone Soup version 0.29-a0-841-g116ddc6ace (webtiles) character file.

Game seed: 11346507693833467888

1304 xian the Covered (level 8, -1/61 HPs)
             Began as a Demonspawn Fighter on July 14, 2022.
             Was an Initiate of Gozag.
             Slain by a lemure (2 damage)
             ... led by Pikel
             ... on level 7 of the Dungeon.
             The game lasted 00:16:09 (5931 turns).

xian the Covered (Demonspawn Fighter)               Turns: 5931, Time: 00:16:10

Health: -1/61      AC: 18    Str: 19    XL:     8   Next: 31%
Magic:  17/17      EV:  6    Int: 19    God:    Gozag
Gold:   98         SH:  5    Dex: 13    Spells: 7/7 levels left

rFire   . . .      SeeInvis .   t - +9 dagger "Killer Bee's Peril" {freeze, rPois MP+9 Int+9 Dex-5}
rCold   . . .      Faith    .   c - +0 buckler
rNeg    . . .      Spirit   .   h - +0 plate armour
rPois   +          Reflect  .   (no helmet)
rElec   .          Harm     .   k - +0 cloak
rCorr   .          Rampage  .   (no gloves)
Will    .....                   w - +0 pair of boots
Stlth   ..........              i - amulet of the acrobat
HPRegen 0.20/turn               m - +6 ring of dexterity
MPRegen 0.15/turn               (no ring)

@: no status effects
A: hooves 1, molten scales 2, spiny 1, demonic magic 1
a: Renounce Religion, Potion Petition, Call Merchant, Bribe Branch


You were on level 7 of the Dungeon.
You worshipped Gozag.
Gozag was noncommittal.
You visited 2 branches of the dungeon, and saw 8 of its levels.
You also visited: Sewer.

You collected 313 gold pieces.
You spent 126 gold pieces at shops.
You paid 89 gold pieces to Gozag.

Inventory:

Hand Weapons
 t - the +9 dagger "Killer Bee's Peril" (weapon) {freeze, rPois MP+9 Int+9 Dex-5}
   (You found it on level 2 of the Dungeon)

   It freezes those it strikes, dealing additional cold damage.
   It can also slow down cold-blooded creatures.
   Int:       It affects your intelligence (+9).
   Dex:       It affects your dexterity (-5).
   rPois:     It protects you from poison.
   MP:        It affects your magic capacity (+9).
 F - the +5 short sword "Epsoc" {freeze, Dex+4}
   (You found it on level 6 of the Dungeon)

   It freezes those it strikes, dealing additional cold damage.
   It can also slow down cold-blooded creatures.
   Dex:       It affects your dexterity (+4).
Missiles
 g - 13 poisoned darts (quivered)
 n - 6 javelins
 s - a throwing net
Armour
 b - a +0 scale mail
 c - a +0 buckler (worn)
 h - a +0 plate armour (worn)
 k - a +0 cloak (worn)
 w - a +0 pair of boots (worn)
Jewellery
 i - an amulet of the acrobat (around neck)
 m - a +6 ring of dexterity (left hand)
Wands
 j - a wand of roots (6)
 y - a wand of flame (17)
 A - a wand of quicksilver (9)
Scrolls
 e - 10 scrolls of teleportation
 p - a scroll of enchant weapon
 q - a scroll of silence
 u - a scroll of enchant armour
 C - 2 scrolls of magic mapping
Potions
 a - 2 potions of attraction {unknown}
 d - 3 potions of might
 f - 2 potions of heal wounds
 l - 3 potions of cancellation {unknown}
 o - 2 potions of flight
 r - 2 potions of magic {unknown}
 v - a potion of resistance {unknown}
 x - 2 potions of curing
 z - 2 potions of mutation {unknown}
 B - a potion of brilliance {unknown}
 D - a potion of degeneration {unknown}
 E - a potion of ambrosia {unknown}
 G - a potion of lignification {unknown}


   Skills:
 + Level 4.7 Fighting
 + Level 2.8(4.1) Short Blades
 + Level 4.5(4.9) Long Blades
 + Level 6.0 Armour
 + Level 1.4 Dodging
 + Level 0.9 Stealth
 + Level 4.4 Shields


You had 7 spell levels left.
You didn't know any spells.
Your spell library contained the following spells:

 Spells                   Type           Power      Damage    Failure   Level
 Beastly Appendage        Tmut           0%         N/A       100%        1
 Freeze                   Ice            0%         1d3       100%        1
 Magic Dart               Conj           0%         1d3       100%        1
 Shock                    Conj/Air       0%         1d3       100%        1
 Call Imp                 Summ           0%         N/A       100%        2
 Wereblood                Tmut           0%         N/A       100%        2
 Call Canine Familiar     Summ           0%         N/A       100%        3
 Dazzling Flash           Conj/Hex       0%         N/A       100%        3
 Frozen Ramparts          Ice            0%         1d2       100%        3
 Gell's Gravitas          Tloc           0%         N/A       100%        3
 Lesser Beckoning         Tloc           0%         N/A       100%        3
 Mephitic Cloud           Conj/Pois/Air  0%         N/A       100%        3
 Portal Projectile        Hex/Tloc       0%         N/A       100%        3
 Spider Form              Tmut/Pois      0%         N/A       100%        3
 Swiftness                Air            0%         N/A       100%        3
 Teleport Other           Tloc           0%         N/A       100%        3
 Tukima's Dance           Hex            0%         N/A       100%        3
 Airstrike                Air            0%         0-1+      100%        4
 Hailstorm                Conj/Ice       0%         3d3       100%        4
 Iskenderun's Mystic Bla  Conj/Tloc      0%         2d3       100%        4
 Leda's Liquefaction      Hex/Erth       0%         N/A       100%        4
 Passage of Golubria      Tloc           0%         N/A       100%        4
 Yara's Violent Unravell  Hex/Tmut       0%         3d3       100%        5
 Starburst                Conj/Fire      0%         6d3       100%        6


Dungeon Overview and Level Annotations

Branches:
Dungeon (7/15)             Temple (1/1) D:6           Sewer (visited)

Altars:
Ashenzari
Cheibriados
Fedhas
Gozag
Kikubaaqudgha
Nemelex Xobeh
Qazlal
Sif Muna
Uskayaw
Vehumet

Shops:
D:5 *[   D:6 *

Annotations:
D:7 Pikel


Innate Abilities, Weirdness & Mutations

You have large cloven feet.
You are mostly covered in molten scales. (AC +3)
You are partially covered in sharp spines.
Spells you cast may paralyse adjacent enemies.


Message History

You hit Pikel. You freeze Pikel.
Pikel is moderately wounded.
Pikel is struck by your spines. Pikel hits you but does no damage.
You block the lemure's attack. The lemure is struck by your spines.
The lemure closely misses you.
You barely miss Pikel.
Pikel is heavily wounded.
Pikel is struck by your spines. Pikel hits you but does no damage.
The lemure hits you. The lemure is struck by your spines. The lemure hits you!
You barely miss Pikel.
Pikel is heavily wounded.
Pikel is struck by your spines.
Pikel hits you with a +2 whip of flaming.
Pikel burns you. The lemure is struck by your spines. The lemure hits you. x2
You barely miss Pikel.
Pikel is heavily wounded.
Pikel drinks a potion.
Pikel is healed!
The lemure hits you but does no damage. x2
You hit Pikel but do no damage.
Pikel is heavily wounded.
Pikel hits you but does no damage. The lemure hits you but does no damage.
The lemure hits you.
You puncture Pikel! You freeze Pikel.
Pikel is severely wounded.
You hit Pikel. You freeze Pikel.
Pikel is severely wounded.
Pikel hits you but does no damage. The lemure hits you but does no damage.
You block the lemure's attack.
You hit Pikel. You freeze Pikel.
Pikel is severely wounded.
Pikel hits you with a +2 whip of flaming!
Pikel burns you.
* * * LOW HITPOINT WARNING * * *
The orc priest invokes the aid of Beogh against you.
Beogh smites you!
* * * LOW HITPOINT WARNING * * *
The lemure is struck by your spines. The lemure hits you.
* * * LOW HITPOINT WARNING * * *
The lemure hits you.
You die...
Your body crumbles into a pile of gold.

#............# ...
#..........# ...
#........# ...[
#...<...# .....
###....## .....#
##.)...#... ......#
##..........
.....o5##.....###...
.....5K@..##### #...
....o55#### ...
.....o# .. ##....
#... #.... #... ....


You could see Pikel, 4 lemures, an orc priest and 2 orcs.

Vanquished Creatures
  Grinder (D:6)
  Sigmund (D:3)
  Edmund (D:6)
  A water moccasin (D:6)
  2 ogres (D:5)
  A kobold brigand (Sewer)
  A necrophage (D:6)
  A scorpion (D:6)
  A howler monkey (D:6)
  A hound (D:6)
  An iguana (D:5)
  A gnoll (D:1)
  14 adders
  3 river rats (Sewer)
  An ufetubus (D:4)
  2 worms
  4 dart slugs
  9 orcs
  4 endoplasms
  8 giant cockroaches
  3 goblins
  4 hobgoblins
  5 jackals (Sewer)
  6 kobolds
  4 quokkas
  14 ball pythons
  6 bats
  4 frilled lizards
  5 rats
109 creatures vanquished.

Vanquished Creatures (others)
  14 plants (Sewer)
14 creatures vanquished.

Grand Total: 123 creatures vanquished

Notes
Turn   | Place    | Note
-------+----------+-------------------------------------------
     0 | D:1      | xian the Demonspawn Fighter began the quest for the Orb.
     0 | D:1      | Reached XP level 1. HP: 18/18 MP: 1/1
   410 | D:1      | Gained mutation: You are partially covered in molten
                  | scales. (AC +2) [demonic ancestry]
   410 | D:1      | Reached XP level 2. HP: 24/24 MP: 2/2
   673 | D:1      | Gained mutation: You are partially covered in sharp spines.
                  | [demonic ancestry]
   673 | D:1      | Reached XP level 3. HP: 23/29 MP: 3/3
  1277 | D:2      | Reached skill level 3 in Armour
  1277 | D:2      | You fall into a shaft and drop 1 floor!
  1517 | D:2      | Identified the +9 dagger "Killer Bee's Peril" {freeze,
                  | rPois MP+9 Int+9 Dex-5}
  1858 | D:3      | Noticed Sigmund
  1867 | D:3      | Killed Sigmund
  1868 | D:3      | Gained mutation: You have large cloven feet. [demonic
                  | ancestry]
  1868 | D:3      | Reached XP level 4. HP: 26/37 MP: 4/4
  1868 | D:3      | Gained mutation: You are mostly covered in molten scales.
                  | (AC +3) [demonic ancestry]
  1868 | D:3      | Reached XP level 5. HP: 29/42 MP: 5/5
  2654 | D:4      | Reached skill level 1 in Dodging
  2756 | D:4      | Gained mutation: Spells you cast may paralyse adjacent
                  | enemies. [demonic ancestry]
  2756 | D:4      | Reached XP level 6. HP: 48/48 MP: 6/6
  3246 | D:5      | Entered Level 5 of the Dungeon
  3299 | D:5      | Found Sureip's Assorted Antiques.
  3496 | D:5      | Found a snail-covered altar of Cheibriados.
  3504 | D:5      | Reached skill level 4 in Armour
  3810 | D:5      | Found Xiomiq's Antique Armour Emporium.
  3885 | D:5      | Reached XP level 7. HP: 23/54 MP: 7/7
  4224 | D:6      | Noticed Grinder
  4225 | D:6      | Found a glowing drain.
  4236 | D:6      | Paralysed by Grinder for 4 turns
  4251 | D:6      | Killed Grinder
  4252 | D:6      | Reached skill level 1 in Short Blades
  4278 | Sewer    | Entered a sewer
  4872 | Sewer    | Reached skill level 5 in Armour
  5114 | D:6      | Noticed Edmund
  5125 | D:6      | Killed Edmund
  5126 | D:6      | Reached XP level 8. HP: 47/61 MP: 8/8
  5353 | D:6      | Found Apebela's Assorted Antiques.
  5357 | D:6      | Bought a murky coppery potion for 19 gold pieces
  5357 | D:6      | Bought a potion of might for 88 gold pieces
  5357 | D:6      | Bought an inky potion for 19 gold pieces
  5434 | D:6      | Found a broken altar of Ashenzari.
  5481 | D:6      | Identified the +5 short sword "Epsoc" {freeze, Dex+4}
  5524 | D:6      | Found a staircase to the Ecumenical Temple.
  5529 | Temple   | Entered the Ecumenical Temple
  5546 | Temple   | Became a worshipper of Gozag Ym Sagoz the Greedy
  5720 | D:6      | Reached skill level 6 in Armour
  5916 | D:7      | Noticed Pikel
  5931 | D:7      | HP: 3/61 [orc priest/divine providence (15)]
  5931 | D:7      | HP: 1/61 [lemure[Pikel] (2)]
  5931 | D:7      | Slain by a lemure

Illustrated notes

Levels and vault maps discovered:
D:1:      spicycebolla_arrival_ecumenical, layout_loops_ring
D:2:      layout_rooms
D:3:      layout_loops_ring, hangedman_decor_points, uniq_sigmund
D:4:      layout_gridville, minivault_11
D:5:      layout_basic, mainiacjoe_overflow_cross_hatched, serial_shops,
          nicolae_take_the_stairs, shop
D:6:      layout_basic, overflow_temple_1_default, temple_doors_cd,
          serial_shops, shop, portal_sewer_entry_b, skrybe_limestone_x,
          uniq_grinder, uniq_edmund
D:7:      layout_cave_pods, uniq_pikel
Temple:   nicolae_temple_bog_church

Skill      XL: |  1  2  3  4  5  6  7  8 |
---------------+-------------------------+-----
Long Blades    | 2 3 4 |  4.5
Shields        | 3 4 |  4.4
Armour         | 3 4 5 6 |  6.0
Dodging        | 1 |  1.4
Fighting       | 4 |  4.7
Short Blades   | 2 |  2.8
Stealth        | |  0.9

Action                   |  1- 3 |  4- 6 |  7- 9 || total
-------------------------+-------+-------+-------++-------
Melee: Long sword        |    95 |       |       ||    95
       Dagger            |     9 |    79 |   161 ||   249
       Kick              |       |     1 |       ||     1
Throw: Dart              |     1 |       |       ||     1
  Use: Scroll            |     1 |     8 |     5 ||    14
Armor: Scale mail        |    32 |       |       ||    32
       Plate armour      |    19 |    34 |    58 ||   111
Dodge: Dodged            |    47 |    32 |    25 ||   104
Block: Buckler           |    24 |    16 |    28 ||    68

Table legend: (Time is in decaauts)
 A = Elapsed time spent in this place.
 B = Non-inter-level travel time spent in this place.
 C = Inter-level travel time spent in this place.
 D = Time resting spent in this place.
 E = Time spent auto-exploring this place.
 F = Levels seen in this place.
 G = Mean time per level.
                   A        B        C        D        E       F      G
               +--------+--------+--------+--------+--------+-----+--------+
         Total |   6129 |   6045 |     84 |      0 |   4226 |   9 |  681.0 |
       Dungeon |   5107 |   5033 |     74 |      0 |   3709 |   7 |  729.6 |
        Temple |     31 |     21 |     10 |      0 |      1 |   1 |   31.0 |
         Sewer |    990 |    990 |      0 |      0 |    516 |   1 |  990.0 |
               +--------+--------+--------+--------+--------+-----+--------+

Top non-repeatable levels by time:
     D:1: 1154 daAuts
   Sewer: 990 daAuts
     D:6: 922 daAuts
     D:5: 890 daAuts
     D:4: 808 daAuts
     D:3: 712 daAuts
     D:2: 597 daAuts
  Temple: 31 daAuts
     D:7: 22 daAuts
